 Dungeon Crawl Stone Soup version 0.28.0-53-g5a82cb258f (webtiles) character file.

Game seed: 8412394841157270669

3758 Labrat the Thaumaturge (level 9, -4/74 HPs)
             Began as a Demigod Conjurer on July 30, 2022.
             Slain by a slime creature (20 damage)
             ... on level 7 of the Dungeon on Aug 1, 2022.
             The game lasted 00:21:34 (10187 turns).

Labrat the Thaumaturge (Demigod Conjurer)          Turns: 10187, Time: 00:21:34

Health: -4/74      AC:  2    Str:  8    XL:     9   Next: 62%
Magic:  21/35      EV: 12    Int: 32    God:
Gold:   449        SH:  0    Dex: 12    Spells: 19/26 levels left

rFire   . . .      SeeInvis .   w - +7 whip "Giantbane" {protect, rPois rN+}
rCold   . . .      Faith    .   (no shield)
rNeg    + . .      Spirit   .   a - +0 robe
rPois   +          Reflect  .   (no helmet)
rElec   .          Harm     .   (no cloak)
rCorr   .          Rampage  .   (no gloves)
Will    .....                   (no boots)
Stlth   ++........              (no amulet)
HPRegen 0.22/turn               n - ring of magical power
MPRegen 0.24/turn               (no ring)

@: no status effects
A: high MP 1, forlorn, divine attributes
a: no special abilities


You were on level 7 of the Dungeon.
You visited 2 branches of the dungeon, and saw 8 of its levels.

You collected 449 gold pieces.

Inventory:

Hand Weapons
 w - the +7 whip "Giantbane" (weapon) {protect, rPois rN+}
   (You took it off an orc on level 6 of the Dungeon)

   It grants its wielder temporary protection when it strikes (+7 to AC).
   rPois:     It protects you from poison.
   rN:        It protects you from negative energy.
Missiles
 u - 13 poisoned darts
Armour
 a - a +0 robe (worn)
Jewellery
 n - a ring of magical power (left hand)
 v - a ring of fire
 z - a +4 ring of protection
Wands
 p - a wand of digging (6)
Scrolls
 b - a scroll of silence {unknown}
 c - 4 scrolls of fog {unknown}
 e - a scroll of enchant weapon {unknown}
 f - 3 scrolls of blinking {unknown}
 j - a scroll of enchant armour {unknown}
 k - 2 scrolls of magic mapping {unknown}
 m - 2 scrolls of teleportation {unknown}
 q - 5 scrolls of identify {unknown}
 s - a scroll of immolation {unknown}
 y - a scroll of vulnerability {unknown}
Potions
 d - a potion of mutation {unknown}
 g - 2 potions of lignification {unknown}
 h - 2 potions of resistance {unknown}
 i - 3 potions of might {unknown}
 l - 5 potions of curing
 o - a potion of berserk rage {unknown}
 r - 2 potions of flight {unknown}
 t - a potion of invisibility {unknown}
 x - a potion of haste {unknown}


   Skills:
 - Level 5.0 Fighting
 - Level 1.7 Dodging
 - Level 1.7 Stealth
 + Level 9.2 Spellcasting
 - Level 8.0 Conjurations


You had 19 spell levels left.
You knew the following spells:

 Your Spells              Type           Power      Damage    Failure   Level
a - Magic Dart            Conj           100%       1d8       1%          1
b - Searing Ray           Conj           100%       2d8       1%          2
c - Iskenderun's Mystic   Conj/Tloc      40%        2d9       6%          4

Your spell library contained the following spells:

 Spells                   Type           Power      Damage    Failure   Level
 Dazzling Flash           Conj/Hex       80%        N/A       1%          3
 Ensorcelled Hibernation  Hex/Ice        28%        N/A       4%          2
 Passwall                 Tmut/Erth      11%        N/A       4%          2
 Fulminant Prism          Conj/Hex       20%        3d13      6%          4
 Gell's Gravitas          Tloc           14%        N/A       10%         3
 Lesser Beckoning         Tloc           14%        N/A       10%         3
 Swiftness                Air            14%        N/A       10%         3
 Teleport Other           Tloc           14%        N/A       10%         3


Dungeon Overview and Level Annotations

Branches:
Dungeon (7/15)             Temple (1/1) D:6


Innate Abilities, Weirdness & Mutations

You have an increased reservoir of magic. (+10% MP)
You shall have no god before yourself.
Your divine heritage dramatically boosts your attributes as you level up.


Message History

The slime creature is knocked back by the mystic blast.
The slime creature slams into the rock wall!
The slime creature is lightly wounded.
The mystic blast hits the slime creature!
The slime creature is moderately wounded.
The mystic blast hits the howler monkey!
You kill the howler monkey!
You hear an angry buzzing noise.
A centaur comes into view.
You hear a croak.
Casting: Iskenderun's Mystic Blast (dangerous; 6% risk of failure)
Confirm with . or Enter, or press ? or * to list all spells.
You erupt in a blast of force!
The mystic blast hits the slime creature.
The slime creature is moderately wounded.
The slime creature is knocked back by the mystic blast.
The slime creature collides with the necrophage!
The necrophage is lightly damaged.
The slime creature is heavily wounded.
The centaur shouts!
You hear a shout!
The centaur wields a +0 shortbow.
The centaur shoots an arrow.
The arrow hits you!
Unknown command.
The centaur shoots an arrow.
The arrow barely misses you.
The centaur shoots an arrow.
The arrow misses you.
Unknown command.
The centaur shoots an arrow.
The arrow misses you.
Found a stone staircase leading down.
A slime creature comes into view.
The centaur shoots an arrow.
The arrow closely misses you.
The arrow hits the slime creature!
A slime creature comes into view.
The centaur shoots an arrow.
The arrow hits you! The slime creature hits you!! The slime creature hits you!
* * * LOW HITPOINT WARNING * * *
Two slime creatures merge to form a large slime creature.
Two slime creatures merge to form a very large slime creature.
There is a stone staircase leading up here.
The slime creature hits you!!
You die...

#.# ##..####.# #.## .#
#.###..c##...# #..##
..# #.#...#.##.###
##..##..# #.#.##c....#
##..^.#
#..[#.<.##########.#.##
#.n.....# #......#...
##.#..#.##
##.########## #..#....#
###..# #†#..n#####@..##
##.....cJ..J.###
#...##..######
#..###..# ....# #....
.....## #>.### ..n..#
#... ?.... ..#. J...#
.. #


You could see a very large slime creature, a slime creature and a centaur.

Vanquished Creatures
  12 yaks
  Sigmund (D:6)
  Menkaure (D:6)
  A water moccasin (D:5)
  An ice beast (D:5)
  An orc warrior (D:6)
  3 ogres
  2 necrophages
  The ghost of duchin the Insei, an amateur OpTm (D:3)
  A kobold brigand (D:6)
  Blork the orc (D:6)
  A gnoll sergeant (D:6)
  A bullfrog (D:6)
  2 water moccasin skeletons (D:6)
  3 howler monkeys (D:7)
  An electric eel (D:6)
  A centaur zombie (D:5)
  A bullfrog skeleton (D:6)
  An orc priest (D:6)
  A hound (D:5)
  2 iguanas
  A hound zombie (D:5)
  A hound skeleton (D:5)
  A howler monkey skeleton (D:4)
  4 gnolls (D:6)
  9 adders
  2 river rats (D:3)
  An ufetubus (D:6)
  An adder skeleton (D:4)
  4 worms
  A dart slug (D:1)
  14 orcs
  7 ball pythons
  4 bats
  3 giant cockroaches
  7 goblins
  7 hobgoblins
  11 kobolds
  8 quokkas
  A frilled lizard (D:1)
  3 rats
129 creatures vanquished.

Vanquished Creatures (others)
  16 plants
16 creatures vanquished.

Grand Total: 145 creatures vanquished

Notes
Turn   | Place    | Note
-------+----------+-------------------------------------------
     0 | D:1      | Labrat the Demigod Conjurer began the quest for the Orb.
     0 | D:1      | Reached XP level 1. HP: 14/14 MP: 5/5
   228 | D:1      | Reached skill level 2 in Spellcasting
   568 | D:1      | Reached XP level 2. HP: 20/20 MP: 4/7
  1538 | D:2      | Learned a level 2 spell: Searing Ray
  1815 | D:2      | Reached XP level 3. HP: 26/26 MP: 3/9
  2868 | D:3      | Found a runed translucent door.
  3064 | D:3      | Reached skill level 3 in Spellcasting
  3064 | D:3      | Reached XP level 4. HP: 25/33 MP: 6/11
  3509 | D:3      | Found a runed translucent door.
  3727 | D:3      | Noticed duchin's ghost (amateur OpTm)
  3760 | D:4      | Noticed an ogre
  3764 | D:4      | Killed an ogre
  3765 | D:4      | Reached skill level 5 in Conjurations
  3765 | D:4      | Reached XP level 5. HP: 38/38 MP: 6/13
  3932 | D:4      | Noticed a necrophage
  4153 | D:4      | Reached skill level 4 in Spellcasting
  4195 | D:4      | Killed a necrophage
  4334 | D:4      | Reached XP level 6. HP: 45/45 MP: 10/16
  4763 | D:5      | Entered Level 5 of the Dungeon
  5376 | D:5      | Noticed a water moccasin
  5383 | D:5      | Killed a water moccasin
  5384 | D:5      | Reached skill level 5 in Spellcasting
  5621 | D:5      | Noticed a yak
  5626 | D:5      | Noticed a yak
  5627 | D:5      | Noticed a yak
  5628 | D:5      | Noticed a yak
  5628 | D:5      | Noticed a yak
  5634 | D:5      | Killed a yak
  5635 | D:5      | Reached XP level 7. HP: 47/57 MP: 5/17
  5638 | D:5      | Noticed a yak
  5820 | D:4      | Killed a yak
  6246 | D:4      | Killed a yak
  6247 | D:4      | Reached skill level 5 in Fighting
  6706 | D:3      | Killed a yak
  6804 | D:4      | Killed a yak
  6805 | D:4      | Reached skill level 6 in Spellcasting
  6805 | D:4      | Reached XP level 8. HP: 36/68 MP: 10/21
  7124 | D:5      | Reached skill level 7 in Spellcasting
  7355 | D:5      | Learned a level 4 spell: Iskenderun's Mystic Blast
  7927 | D:6      | Identified the +1 helmet of the Iron City of Dis {-Cast
                  | Will+ Regen+}
  7929 | D:6      | Noticed Blork the orc
  7940 | D:6      | Killed Blork the orc
  8012 | D:6      | Identified the +7 whip "Giantbane" {protect, rPois rN+}
  8069 | D:5      | Reached skill level 8 in Spellcasting
  8323 | D:5      | Reached XP level 9. HP: 50/74 MP: 6/25
  8976 | D:6      | Found a staircase to the Ecumenical Temple.
  8980 | D:6      | Noticed Menkaure
  8980 | D:6      | Noticed Sigmund
  8998 | D:6      | Killed Menkaure
  9299 | D:6      | Killed Sigmund
  9310 | Temple   | Entered the Ecumenical Temple
  9592 | D:6      | Reached skill level 9 in Spellcasting
  9945 | D:3      | Killed duchin's ghost
 10187 | D:7      | Slain by a slime creature

Illustrated notes

Levels and vault maps discovered:
D:1:      saegor_arrival_fortress, layout_loops_corners,
          chequers_ecumenical_altar_island
D:2:      layout_loops_ring, serial_forest, infiniplex_forest_clump_tiny,
          infiniplex_forest_end_3, infiniplex_forest_clump_small,
          infiniplex_forest_corner_2, infiniplex_forest_join,
          infiniplex_forest_straight_4, infiniplex_forest_split
D:3:      layout_basic, grunt_dithmenos_smoke_and_mirrors,
          ebering_ghost_sewer_f, minmay_circle_x
D:4:      layout_cave_pools, minmay_joined_circles
D:5:      layout_cave_pools, minmay_quadrilaterals
D:6:      layout_cave_pools, temple_green, serial_bayou_lagoon_b,
          uniq_blork_the_orc, uniq_menkaure, uniq_sigmund
D:7:      layout_rooms
Temple:   mainiacjoe_temple_starburst

Skill      XL: |  1  2  3  4  5  6  7  8  9 |
---------------+----------------------------+-----
Spellcasting   | 2 3 4 5 6 8 9 |  9.2
Conjurations   | 4 5 6 8 |  8.0
Fighting       | 3 5 |  5.0
Dodging        | |  1.7
Stealth        | |  1.7

Action                   |  1- 3 |  4- 6 |  7- 9 || total
-------------------------+-------+-------+-------++-------
Melee: Unarmed           |     2 |       |       ||     2
       Whip              |       |       |    12 ||    12
 Cast: Magic Dart        |    87 |    66 |   123 ||   276
       Searing Ray       |     4 |    11 |    45 ||    60
       Iskenderun's Myst |       |       |    16 ||    16
Armor: Robe              |     3 |     1 |     5 ||     9
Dodge: Dodged            |     5 |    12 |    76 ||    93
